 Dungeon Crawl Stone Soup version 0.28-b1-25-g9875b3fc8c (webtiles) character file.

Game seed: 17304564105689998716

35554 theElss the Basher (level 13, -6/85 HPs)
             Began as a Gargoyle Berserker on Feb 3, 2022.
             Was a High Priest of Trog.
             Killed from afar by a storm dragon (7 damage)
             ... with a bolt of lightning
             ... on level 13 of the Dungeon.
             The game lasted 00:56:39 (17630 turns).

theElss the Basher (Gargoyle Berserker)            Turns: 17630, Time: 00:56:40

Health: -6/85      AC: 40    Str: 27    XL:     13   Next: 84%
Magic:  0/13       EV:  5    Int:  9    God:    Trog [*****.]
Gold:   468        SH: 10    Dex: 13    Spells: 12/12 levels left

rFire   . . .      SeeInvis .   m - +3 flail (holy)
rCold   . . .      Faith    .   e - +0 kite shield
rNeg    + . .      Spirit   +   M - +0 crystal plate armour
rPois   ∞          Reflect  .   L - +0 helmet
rElec   +          Harm     .   C - +0 cloak
rCorr   .          Rampage  .   K - +0 pair of gloves
Will    .....                   (no boots)
Stlth   ..........              p - amulet of guardian spirit
HPRegen 0.24/turn               x - +4 ring of protection
MPRegen 0.13/turn               D - +6 ring of strength

@: about to teleport, on berserk cooldown, slowed, studying Stealth, very slow
A: sickness immunity, AC +9, negative energy resistance 1, electricity
resistance, torment resistance 1, petrification resistance
a: Renounce Religion, Berserk, Trog's Hand, Brothers in Arms


You were on level 13 of the Dungeon.
You worshipped Trog.
Trog was extremely pleased with you.
You visited 2 branches of the dungeon, and saw 14 of its levels.

You collected 748 gold pieces.
You spent 280 gold pieces at shops.

Inventory:

Hand Weapons
 c - a +2 whip of flaming
 m - a +3 flail of holy wrath (weapon)
 F - the +6 shortbow of Pandemonium {speed, MP-9 Dex+8 Stlth+}
   (You took it off an orc warrior on level 8 of the Dungeon)

   Attacks with this weapon are significantly faster.
   Dex:       It affects your dexterity (+8).
   MP:        It affects your magic capacity (-9).
   Stlth:     It makes you more stealthy.
Missiles
 i - 4 throwing nets (quivered)
Armour
 e - a +0 kite shield (worn)
 t - the +3 pair of seven-league boots {Rampage+∞}
   (You found it on level 13 of the Dungeon)

   Its wearer moves as far as possible in that direction when moving towards
   enemies.
 C - a +0 cloak (worn)
 K - a +0 pair of gloves (worn)
 L - a +0 helmet (worn)
 M - a +0 crystal plate armour (worn)
Jewellery
 p - an amulet of guardian spirit (around neck)
 x - a +4 ring of protection (left hand)
 D - a +6 ring of strength (right hand)
 N - a ring of positive energy
Wands
 a - a wand of acid (16)
 o - a wand of polymorph (10)
 y - a wand of iceblast (13)
 A - a wand of digging (8)
 G - a wand of charming (18)
 I - a wand of mindburst (7)
Scrolls
 d - 3 scrolls of holy word
 f - a scroll of fear {unknown}
 j - 2 scrolls of magic mapping
 k - 2 scrolls of enchant armour
 q - 9 scrolls of teleportation
 s - a scroll of fog
 u - a scroll of silence
 z - 4 scrolls of blinking
 B - a scroll of enchant weapon
Potions
 b - 7 potions of curing
 g - a potion of flight {unknown}
 h - a potion of might
 l - a potion of haste
 n - 3 potions of lignification
 r - a potion of cancellation {unknown}
Miscellaneous
 J - a phial of floods


   Skills:
 + Level 11.9 Fighting
 - Level 14.0 Maces & Flails
 + Level 12.3 Armour
 + Level 3.8 Dodging
 + Level 3.9 Stealth
 + Level 6.4 Shields
 * Level 7.9 Evocations


You had 12 spell levels left.
You didn't know any spells.
Your spell library was empty.

Dungeon Overview and Level Annotations

Branches:
Dungeon (13/15)            Temple (1/1) D:6            Lair (0/6) D:11
    Orc (0/2) D:12         Vaults (0/5) D:13

Altars:
Ashenzari
Cheibriados
Dithmenos
Elyvilon
Fedhas
Gozag
Hepliaklqana
Kikubaaqudgha
Makhleb
Nemelex Xobeh
Okawaru
Qazlal
Ru
Sif Muna
Trog
Uskayaw
Vehumet
Wu Jian
Xom
Yredelemnul
Zin
The Shining One

Shops:
D:7 :   D:10 =(**?

Annotations:
D:5 2 transporters
D:12 exclusions: lava snake and 3 more exclusions


Innate Abilities, Weirdness & Mutations

You are immune to sickness and miasma.
Your stone body is resilient. (AC +9)
You are immune to poison.
You resist negative energy. (rN+)
You are resistant to electric shocks. (rElec)
You are resistant to unholy torment.
You are immune to petrification.


Message History

The storm dragon is moderately wounded.
The death knight hits you with a +4 broad axe!
* * * LOW HITPOINT WARNING * * *
Unknown command.
You barely miss the storm dragon.
The storm dragon is moderately wounded.
You are no longer berserk.
You are exhausted.
You feel yourself slow down. You block the centaur warrior's attack.
The centaur warrior kicks you but does no damage.
The storm dragon breathes lightning at you.
The bolt of lightning hits you. You resist.
* * * LOW HITPOINT WARNING * * *
The orc knight completely misses you.
You feel much better.
You block the centaur warrior's attack. x2
The death knight hits you but does no damage.
The storm dragon bites you! You block the storm dragon's attack.
The storm dragon tramples you but does no damage.
The centaur warrior completely misses you.
The centaur warrior barely misses you.
The orc knight hits you with a +0 long sword!!
* * * LOW HITPOINT WARNING * * *
The death knight hits you with a +4 broad axe.
* * * LOW HITPOINT WARNING * * *
The storm dragon bites you but does no damage.
The storm dragon claws you but does no damage.
The storm dragon tramples you but does no damage.
The boulder beetle leaps!
As you read the scroll of teleportation, it crumbles to dust.
You feel strangely unstable.
The death knight's dark mirror aura disappears.
You block the centaur warrior's attack.
The centaur warrior kicks you but does no damage.
The orc knight hits you with a +0 long sword!
* * * LOW HITPOINT WARNING * * *
The centaur warrior completely misses you.
The centaur warrior kicks you but does no damage.
The storm dragon breathes lightning at you.
The bolt of lightning hits you! You resist.
You die...

#..................#
+...........#......#
#..........##......#
#.........###......#
#..................#
..#.......#..#
#......##..#
#.....## ..# #.@o.##
..# #cpD## #.o##
.[e. ..((. ..#..##
..##.## ..# #.


You could see a storm dragon (catching breath), a death knight, 2 orc knights, a
centaur warrior and a deep elf pyromancer.

Vanquished Creatures
  Jorgrun (D:12)
  Gastronok (D:11)
  A fire giant (D:13)
  Josephine (D:12)
  Harold (D:8)
  2 hydras (D:13)
  2 centaur warriors
  7 two-headed ogres
  A tengu warrior (D:8)
  2 skeletal warriors
  A deep elf pyromancer (D:12)
  A phantasmal warrior (D:13)
  4 ugly things
  A wolf spider (D:11)
  4 cyclopes
  A necromancer (D:13)
  4 centaur zombies
  Maurice (D:8)
  A guardian serpent (D:13)
  2 unseen horrors
  2 gargoyles
  2 kobold demonologists
  A komodo dragon (D:13)
  Maggie (D:7)
  4 trolls
  Grinder (D:3)
  Prince Ribbit (D:8)
  A meliai zombie (D:11)
  Sigmund (D:3)
  A jumping spider (shapeshifter) (D:13)
  3 hogs (D:11)
  2 wyverns
  5 wraiths (D:12)
  15 yaks
  A wyvern (shapeshifter) (D:8)
  4 steam dragons
  A human (D:11)
  5 vampire mosquitoes
  Menkaure (D:5)
  Edmund (D:5)
  3 water moccasins (D:8)
  4 acid dragons
  A necrophage (D:4)
  8 orc warriors
  2 black bears
  2 ice beasts
  4 sky beasts
  2 ogres
  5 centaurs
  4 kobold brigands
  2 gnoll sergeants
  4 bullfrogs
  A wyvern zombie (D:9)
  A scorpion (D:7)
  18 wights
  21 killer bees
  7 howler monkeys
  An electric eel (D:11)
  A bullfrog zombie (D:5)
  A jelly (D:6)
  A bullfrog skeleton (D:5)
  2 gnoll shamans (D:8)
  A hound (D:6)
  6 orc priests
  Ijyb (D:5)
  11 orc wizards
  An iguana (D:5)
  A hound zombie (D:5)
  A hound skeleton (D:4)
  10 gnolls
  8 adders
  A shadow imp (D:6)
  3 white imps
  2 ufetubi
  4 dart slugs
  A worm (D:2)
  66 orcs
  6 ball pythons
  6 bats
  9 endoplasms
  4 giant cockroaches
  6 hobgoblins
  2 jackals (D:3)
  21 kobolds
  A quokka (D:2)
  A frilled lizard (D:1)
  5 goblins
  6 rats
371 creatures vanquished.

Vanquished Creatures (collateral kills)
  Nessos (D:12)
1 creature vanquished.

Vanquished Creatures (others)
  A shadow imp (D:8)
1 creature vanquished.

Grand Total: 373 creatures vanquished

Notes
Turn   | Place    | Note
-------+----------+-------------------------------------------
     0 | D:1      | theElss the Gargoyle Berserker began the quest for the Orb.
     0 | D:1      | Reached XP level 1. HP: 14/14 MP: 1/1
   240 | D:1      | Reached XP level 2. HP: 19/19 MP: 2/2
   363 | D:1      | Reached XP level 3. HP: 24/24 MP: 3/3
  1266 | D:2      | Reached XP level 4. HP: 29/29 MP: 4/4
  1269 | D:2      | Found a glowing golden altar of the Shining One.
  1293 | D:2      | Reached skill level 4 in Maces & Flails
  1394 | D:2      | Reached ** piety under Trog
  2010 | D:3      | Noticed Grinder
  2031 | D:3      | Killed Grinder
  2032 | D:3      | Reached skill level 5 in Maces & Flails
  2032 | D:3      | Reached skill level 1 in Stealth
  2032 | D:3      | Reached XP level 5. HP: 22/34 MP: 5/5
  2032 | D:3      | Reached XP level 6. HP: 26/39 MP: 6/6
  2361 | D:3      | Noticed Sigmund
  2375 | D:3      | Killed Sigmund
  2376 | D:3      | Reached XP level 7. HP: 44/44 MP: 7/7
  2785 | D:3      | Found a glowing golden altar of the Shining One.
  2788 | D:3      | Found an ornate altar of the Wu Jian Council.
  2788 | D:3      | Found an ancient bone altar of Kikubaaqudgha.
  2790 | D:3      | Found a glowing silver altar of Zin.
  2790 | D:3      | Found a shimmering altar of Xom.
  2790 | D:3      | Found a shimmering altar of Xom.
  2954 | D:4      | Reached skill level 6 in Maces & Flails
  3578 | D:4      | Reached skill level 5 in Fighting
  3961 | D:5      | Entered Level 5 of the Dungeon
  4088 | D:5      | Noticed a troll
  4098 | D:5      | Killed a troll
  4099 | D:5      | Reached skill level 7 in Maces & Flails
  4099 | D:5      | Reached XP level 8. HP: 48/49 MP: 6/8
  4215 | D:5      | Noticed Edmund
  4231 | D:5      | Killed Edmund
  4232 | D:5      | Reached skill level 5 in Armour
  4363 | D:5      | Found a transporter.
  4366 | D:5      | Identified the +5 hand axe of Governance {freeze, rC+}
  4430 | D:5      | Found a burning altar of Makhleb.
  4610 | D:5      | Noticed Ijyb
  4625 | D:5      | Killed Ijyb
  5021 | D:5      | Reached skill level 8 in Maces & Flails
  5101 | D:5      | Noticed Menkaure
  5109 | D:5      | Killed Menkaure
  5110 | D:5      | Reached XP level 9. HP: 55/55 MP: 9/9
  5197 | D:5      | Found a transporter.
  5814 | D:6      | Found a staircase to the Ecumenical Temple.
  5949 | D:6      | Reached *** piety under Trog
  5962 | D:6      | Reached skill level 1 in Evocations
  6542 | D:7      | Found Zyar's Book Shop.
  6581 | D:6      | Reached skill level 9 in Maces & Flails
  6641 | Temple   | Entered the Ecumenical Temple
  7249 | D:7      | Noticed a two-headed ogre
  7270 | D:7      | Killed a two-headed ogre
  7271 | D:7      | Reached skill level 10 in Maces & Flails
  7361 | D:7      | Noticed Maggie
  7387 | D:7      | Reached XP level 10. HP: 61/61 MP: 8/10
  7651 | D:7      | Killed Maggie
  7652 | D:7      | Reached skill level 11 in Maces & Flails
  7951 | D:8      | Noticed a gargoyle
  7977 | D:8      | Killed a gargoyle
  7986 | D:8      | Noticed a tengu warrior
  8055 | D:8      | Killed a tengu warrior
  8244 | D:8      | Noticed Maurice
  8261 | D:8      | Killed Maurice
  8262 | D:8      | Reached skill level 12 in Maces & Flails
  8312 | D:8      | Identified the +6 shortbow of Pandemonium {speed, MP-9
                  | Dex+8 Stlth+}
  8319 | D:8      | Noticed a skeletal warrior
  8341 | D:8      | Reached XP level 11. HP: 35/67 MP: 5/11
  8355 | D:8      | Killed a skeletal warrior
  9201 | D:8      | Noticed a manticore
  9201 | D:8      | Noticed Prince Ribbit
  9231 | D:8      | Killed Prince Ribbit
  9297 | D:8      | Noticed a two-headed ogre
  9357 | D:8      | Reached **** piety under Trog
  9373 | D:8      | Noticed Harold
  9389 | D:8      | Killed Harold
  9397 | D:8      | Reached skill level 13 in Maces & Flails
  9686 | D:8      | Noticed a centaur warrior
  9688 | D:8      | Noticed a cyclops
 10549 | D:8      | Killed a cyclops
 10642 | D:8      | Killed a centaur warrior
 10643 | D:8      | Reached skill level 5 in Evocations
 11176 | D:9      | Reached XP level 12. HP: 67/75 MP: 10/12
 11250 | D:9      | Found a bloodstained altar of Trog.
 11728 | D:9      | Noticed a two-headed ogre
 11740 | D:9      | Killed a two-headed ogre
 11741 | D:9      | Reached skill level 14 in Maces & Flails
 12219 | D:10     | Entered Level 10 of the Dungeon
 12219 | D:10     | Found Jaofel's Jewellery Boutique.
 12334 | D:10     | Found Qiluwaud's Assorted Antiques.
 12397 | D:10     | Bought a scroll of teleportation for 63 gold pieces
 12397 | D:10     | Bought a potion of heal wounds for 105 gold pieces
 12646 | D:10     | Reached ***** piety under Trog
 12694 | D:10     | Found Vebboruc's Magic Scroll Emporium.
 12711 | D:10     | Bought a scroll of blinking for 112 gold pieces
 12723 | D:10     | Found Ezoipe's General Store.
 12757 | D:10     | Found Okageosch's Weapon Shop.
 13519 | D:11     | Noticed a two-headed ogre
 13528 | D:11     | Killed a two-headed ogre
 13531 | D:11     | Reached skill level 10 in Fighting
 13731 | D:11     | Reached skill level 1 in Shields
 13919 | D:11     | Noticed Gastronok
 13944 | D:11     | Killed Gastronok
 13945 | D:11     | Reached skill level 10 in Armour
 14022 | D:11     | Found a staircase to the Lair.
 15074 | D:12     | Found a staircase to the Orcish Mines.
 15100 | D:12     | Noticed Jorgrun
 15146 | D:12     | Killed Jorgrun
 15147 | D:12     | Reached XP level 13. HP: 78/84 MP: 5/13
 15569 | D:12     | Noticed Nessos
 15601 | D:12     | Killed Nessos
 15895 | D:12     | Noticed Josephine
 15914 | D:12     | Killed Josephine
 16287 | D:13     | Reached skill level 5 in Shields
 16419 | D:13     | Found a gate to the Vaults.
 17517 | D:13     | Found the +3 pair of seven-league boots {Rampage+∞}
 17605 | D:13     | Noticed a fire giant
 17605 | D:13     | Noticed a storm dragon
 17618 | D:13     | Killed a fire giant
 17630 | D:13     | HP: 1/85 [orc knight (13)]
 17630 | D:13     | Killed from afar by a storm dragon

Illustrated notes

Levels and vault maps discovered:
D:1:      sevenhm_arrival_forest_fort_small_6, layout_basic
D:2:      layout_basic, basic_altar, amcnicky_mini_corridor_feature
D:3:      layout_loops_ring, doesnt_xom_only_xom, minmay_misc_feat_five,
          ebering_dispersal_statue_hall, uniq_grinder, uniq_sigmund
D:4:      layout_loops_ring
D:5:      gammafunk_cloud_chamber, layout_basic, mainiacjoe_overflow_catwalk,
          minmay_misc_feat_four_crosses, uniq_ijyb, uniq_edmund, uniq_menkaure
D:6:      layout_loops_corners, temple_green, serial_co_window_serial,
          co_window_cross_1, co_window_paths_b, co_window_paths_a,
          co_window_paths_a, co_window_paths_a, co_window_of_opportunity_a,
          co_window_paths_a, co_window_corner_b, co_window_of_opportunity_b,
          co_window_of_opportunity_c, co_window_corner_cb, co_window_broadway_b
D:7:      layout_loops_ring, serial_shops, shop, minmay_manual_mullet,
          uniq_maggie
D:8:      minmay_the_grid_octo_tiled_octocenter [minmay_the_grid_octo_pinwheel,
          minmay_the_grid_octo_odd_swirl, minmay_the_grid_octo_thin_diamonds,
          minmay_the_grid_octo_toaster,
          minmay_the_grid_octo_prize_ultimate_mussel_roller,
          minmay_the_grid_square_5x5_bite,
          minmay_the_grid_square_5x5_eight_small,
          minmay_the_grid_square_5x5_forky,
          minmay_the_grid_square_5x5_six_small], layout_loops_ring,
          onia_ninara_dug_in_and_dangerous, uniq_maurice, uniq_prince_ribbit1,
          uniq_harold
D:9:      layout_long_grid, trog_three_pillars_becter
D:10:     layout_cave_pools, serial_shops, shop, nicolae_shop_hallway_plus,
          shop_fountains, nicolae_square_shop, nicolae_shop_trees,
          serial_column_ruins, column_ruins_hut_ruined,
          column_ruins_square_large, column_ruins_open_small,
          column_ruins_grid_1, column_ruins_grid_2
D:11:     layout_loops_cross, lair_entry_dummy, grunt_livestock,
          kennysheep_cross_bottleneck, uniq_gastronok
D:12:     layout_big_octagon, hiddenorc2_lemuel, uniq_jorgrun, uniq_josephine,
          uniq_nessos
D:13:     minmay_outward_triangles, layout_irregular_city, david_vaults_1,
          hellmonk_guarded_unrand_seven_league_boots
Temple:   mainiacjoe_temple_bowtie_tessellation

Skill      XL: |  1  2  3  4  5  6  7  8  9 10 11 12 13 |
---------------+----------------------------------------+-----
Fighting       | 4 5 6 7 8 10 11 | 11.9
Maces & Flails | 5 7 8 10 12 13 14 | 14.0
Dodging        | 2 3 |  3.8
Stealth        | 1 2 3 |  3.9
Armour         | 3 4 6 8 9 10 12 | 12.3
Evocations     | 2 3 5 6 7 |  7.9
Shields        | 3 6 |  6.4

Action                   |  1- 3 |  4- 6 |  7- 9 | 10-12 | 13-15 || total
-------------------------+-------+-------+-------+-------+-------++-------
Melee: Mace              |    29 |       |       |       |       ||    29
       Whip              |    44 |    98 |   171 |       |       ||   313
       Punch             |       |     2 |     5 |    13 |       ||    20
       Flail             |       |       |   119 |   924 |   263 ||  1306
Invok: Berserk           |     2 |     2 |    10 |    19 |     8 ||    41
       Trog's Hand       |       |       |     1 |     2 |     1 ||     4
       Brothers in Arms  |       |       |       |       |     1 ||     1
  Use: Scroll            |       |       |     7 |     8 |     1 ||    16
       Potion            |       |       |       |     2 |     1 ||     3
 Stab: Sleeping          |     1 |       |       |       |       ||     1
       Distracted        |       |       |       |     1 |       ||     1
Armor: Animal skin       |    11 |       |       |       |       ||    11
       Leather armour    |     4 |    24 |       |       |       ||    28
       Ring mail         |       |    12 |    33 |       |       ||    45
       Chain mail        |       |       |   107 |   313 |       ||   420
       Crystal plate arm |       |       |       |   388 |   309 ||   697
Dodge: Dodged            |    32 |    47 |   122 |   312 |    58 ||   571
Block: Kite shield       |       |       |       |   102 |   131 ||   233
